 Dungeon Crawl Stone Soup version 0.29.1-13-g9f3cf754e1 (webtiles) character file.

Game seed: 18331673613122584866

13260 protoss039 the Fighter (level 11, 0/92 HPs)
             Began as a Demonspawn Earth Elementalist on Feb 9, 2023.
             Was a Priest of Vehumet.
             Slain by a reaper
             ... wielding a +2 scythe of freezing
              (35 damage)
             ... in an ice cave on Feb 10, 2023.
             The game lasted 00:32:12 (13570 turns).

protoss039 the Fighter (DsEE)                      Turns: 13570, Time: 00:32:13

Health: 0/92       AC:  9    Str:  9    XL:     11   Next: 73%
Magic:  22/32      EV: 11    Int: 21    God:    Vehumet [***...]
Gold:   406        SH:  0    Dex: 16    Spells: 11/26 levels left

rFire   + . .      SeeInvis .   z - staff of cold
rCold   + + .      Faith    .   (no shield)
rNeg    . . .      Spirit   .   e - +1 leather armour of the Equinox {rPois Will+ Dex+3}
rPois   +          Reflect  .   N - +0 hat {Will+}
rElec   .          Harm     .   G - scarf {rC+ rF+}
rCorr   +          Rampage  .   F - +0 pair of gloves
Will    ++...                   w - +2 pair of boots
Stlth   ++........              m - amulet of magic regeneration
HPRegen 0.25/turn               v - ring of resist corrosion
MPRegen 0.86/turn               x - ring of magical power

@: about to teleport, studying Spellcasting
A: powered by death 1, magic regeneration, weakness stinger 2
a: Renounce Religion


You were in an ice cave.
You worshipped Vehumet.
Vehumet was most pleased with you.
You visited 2 branches of the dungeon, and saw 12 of its levels.
You also visited: Ice Cave.

You collected 2022 gold pieces.
You spent 1616 gold pieces at shops.

Inventory:

Hand Weapons
 a - a +5 dagger of venom
 s - a +4 hand axe of flaming
Missiles
 p - 6 silver javelins
Armour
 e - the +1 leather armour of the Equinox (worn) {rPois Will+ Dex+3}
   (You found it on level 3 of the Dungeon)

   Dex:       It affects your dexterity (+3).
   rPois:     It protects you from poison.
   Will:      It increases your willpower.
 w - a +2 pair of boots (worn)
 F - a +0 pair of gloves (worn)
 G - a scarf of resistance (worn)
 N - a +0 hat of willpower (worn)
Magical Staves
 z - a staff of cold (weapon)
Jewellery
 m - an amulet of magic regeneration (around neck)
 v - a ring of resist corrosion (left hand)
 x - a ring of magical power (right hand)
 A - a ring of protection from fire
Wands
 y - a wand of digging (7)
 D - a wand of flame (2)
 K - a wand of polymorph (6)
 O - a wand of roots (14)
 P - a wand of charming (9)
 R - a wand of light (16)
Scrolls
 c - a scroll of brand weapon
 d - a scroll of identify
 g - a scroll of noise {unknown}
 i - a scroll of magic mapping
 k - 4 scrolls of butterflies
 q - a scroll of summoning {unknown}
 r - 3 scrolls of blinking
 u - 2 scrolls of poison
 B - a scroll of immolation {unknown}
 E - 2 scrolls of fear
 I - 2 scrolls of amnesia
 L - 2 scrolls of teleportation
 M - a scroll of enchant armour {unknown}
Potions
 b - 2 potions of magic
 f - 2 potions of mutation
 h - a potion of ambrosia
 j - 5 potions of brilliance
 l - 5 potions of curing
 o - 3 potions of heal wounds
 t - 2 potions of flight
 C - a potion of haste
 H - a potion of might


   Skills:
 * Level 10.7 Fighting
 + Level 6.7 Armour
 - Level 1.7 Dodging
 - Level 1.7 Stealth
 + Level 8.3 Spellcasting
 + Level 7.4 Conjurations
 - Level 0.8 Transmutations
 - Level 3.0 Air Magic
 + Level 7.9 Earth Magic


You had 11 spell levels left.
You knew the following spells:

 Your Spells              Type           Power      Damage    Failure   Level
a - Sandblast             Erth           84%        2d18      1%          1
b - Passwall              Tmut/Erth      22%        N/A       2%          2
c - Stone Arrow           Conj/Erth      82%        3d12      1%          3
d - Static Discharge      Conj/Air       30%        3-7/arc   1%          2
e - Mephitic Cloud        Conj/Pois/Air  23%        N/A       2%          3
f - Olgreb's Toxic Radia  Pois           8%         N/A       26%         4

Your spell library contained the following spells:

 Spells                   Type           Power      Damage    Failure   Level
 Hailstorm                Conj/Ice       36%        3d9       6%          4
 Petrify                  Tmut/Erth      27%        N/A       17%         4
 Tukima's Dance           Hex            8%         N/A       30%         3
 Yara's Violent Unravell  Hex/Tmut       5%         3d4       50%         5
 Ice Form                 Ice/Tmut       15%        N/A       63%         4
 Passage of Golubria      Tloc           8%         N/A       71%         4
 Simulacrum               Ice/Necr       6%         N/A       100%        6


Dungeon Overview and Level Annotations

Branches:
Dungeon (11/15) Zot: 26860  Temple (1/1) D:6 Zot: 5835   IceCv (1/1) Zot: 4587
   Lair: D:8-11         Orc: D:9-12

Altars:
Ashenzari
Cheibriados
Dithmenos
Fedhas
Gozag
Hepliaklqana
Kikubaaqudgha
Makhleb
Nemelex Xobeh
Okawaru
Qazlal
Ru
Sif Muna
Trog
Uskayaw
Vehumet
Wu Jian
Xom
Yredelemnul

Shops:
D:1 :   D:3 (   D:4 :   D:5 *   D:6 =   D:9 :?

Annotations:
D:4 1 runed translucent door, ioannis32's ghost, novice DsBe
D:6 3 runed translucent doors, NimIero's ghost, novice MiMo


Innate Abilities, Weirdness & Mutations

You regenerate a little health from kills.
You regenerate magic rapidly.
You have a tail ending in a sharp stinger.


Message History

Casting: Stone Arrow (safe; 1% risk of failure)
Confirm with . or Enter, or press ? or * to list all spells.
Aiming: Stone Arrow (safe; 1% risk of failure)
Press: ? - help, Shift-Dir - straight line, f/p - reaper
Aim: a reaper, wielding a +2 scythe of freezing, wearing a +1 robe of cold resistance and wearing a ring of protection from cold (lightly wounded, 76% to hit)
The stone arrow hits the reaper!!
The reaper is moderately wounded.
You are engulfed in freezing vapours.
You resist.
The reaper hits you from afar with a +2 scythe of freezing!
The reaper freezes you.
Unknown command.
Press: ? - help, v - describe, . - travel
Here: a reaper, wielding a +2 scythe of freezing, wearing a +1 robe of cold resistance and wearing a ring of protection from cold (freezing vapour, moderately wounded)
The floor.
Unknown command.
As you read the scroll of teleportation, it crumbles to dust.
You feel strangely unstable.
You are engulfed in freezing vapours.
You resist.
The reaper draws a finger across its throat.
The reaper closely misses you.
Unknown command.
Casting: Stone Arrow (safe; 1% risk of failure)
Confirm with . or Enter, or press ? or * to list all spells.
Aiming: Stone Arrow (safe; 1% risk of failure)
Press: ? - help, Shift-Dir - straight line, f/p - reaper
Aim: a reaper, wielding a +2 scythe of freezing, wearing a +1 robe of cold resistance and wearing a ring of protection from cold (freezing vapour, moderately wounded, 76% to hit)
The stone arrow hits the reaper!
The reaper is heavily wounded.
You are engulfed in freezing vapours.
You resist.
The reaper hits you from afar with a +2 scythe of freezing!!
The reaper freezes you.
Casting: Stone Arrow (safe; 1% risk of failure)
Confirm with . or Enter, or press ? or * to list all spells.
Aiming: Stone Arrow (safe; 1% risk of failure)
Press: ? - help, Shift-Dir - straight line, f/p - reaper
Aim: a reaper, wielding a +2 scythe of freezing, wearing a +1 robe of cold resistance and wearing a ring of protection from cold (freezing vapour, heavily wounded, 76% to hit)
The stone arrow hits the reaper.
The reaper is heavily wounded.
You are engulfed in freezing vapours.
You resist.
The reaper hits you from afar with a +2 scythe of freezing!!
You die...

### #...........###
....##.........### .
#..####......##
........#.......##
###..≈.§§##.......##
# ##.....○##.......#
# ...#.≈○§.......##
# ##..#..###.....##
# ...#☼@.§.#..### #
#§§§§☼#### ##
#...2°☼### .#
#.....### .# ###.##
## ... # ##[ ##


You could see a reaper.

Vanquished Creatures
  Gastronok (D:8)
  2 two-headed ogres
  Urug (D:11)
  Nergalle (D:11)
  A cyclops (D:11)
  2 ice statues (IceCv)
  An anaconda simulacrum (IceCv)
  7 ice devils (IceCv)
  3 trolls (D:10)
  A wraith (D:9)
  2 yaks
  3 hogs
  A human (D:9)
  3 steam dragons
  2 death yak simulacra (IceCv)
  A harpy simulacrum (IceCv)
  3 water moccasins
  5 orc warriors
  2 black bears
  A sky beast (D:7)
  2 ogres
  9 centaurs
  3 phantoms
  2 kobold brigands
  2 gnoll sergeants (D:6)
  3 bullfrogs (D:7)
  A two-headed ogre simulacrum (IceCv)
  2 necrophages
  A scorpion (D:5)
  5 wights (D:9)
  3 killer bees (D:9)
  An elephant simulacrum (IceCv)
  8 howler monkeys
  A hound (D:5)
  A jelly (D:8)
  A gnoll bouda (D:8)
  5 orc priests
  An iguana (D:6)
  12 orc wizards
  2 troll simulacra (IceCv)
  3 wolf simulacra (IceCv)
  12 gnolls
  7 adders
  4 naga simulacra (IceCv)
  3 white imps (IceCv)
  3 ufetubi
  2 worms
  5 dart slugs
  37 orcs
  9 ball pythons
  6 endoplasms
  A giant cockroach (D:1)
  6 goblins
  4 hobgoblins
  24 kobolds
  2 quokkas
  4 bats
  4 frilled lizards
  6 rats
250 creatures vanquished.

Vanquished Creatures (collateral kills)
  An orc priest (D:9)
  An orc wizard (D:9)
  5 orcs (D:9)
7 creatures vanquished.

Vanquished Creatures (others)
  A kobold (D:11)
  34 fungi (D:11)
  37 plants (D:11)
72 creatures vanquished.

Grand Total: 329 creatures vanquished

Notes
Turn   | Place    | Note
-------+----------+-------------------------------------------
     0 | D:1      | protoss039 the Demonspawn Earth Elementalist began the
                  | quest for the Orb.
     0 | D:1      | Reached XP level 1. HP: 13/13 MP: 3/3
   175 | D:1      | Found a faded altar of an unknown god.
   403 | D:1      | Gained mutation: You have a small tail. [demonic ancestry]
   403 | D:1      | Reached XP level 2. HP: 20/20 MP: 3/5
   615 | D:1      | Reached skill level 1 in Fighting
   882 | D:1      | Found Ytwuroa's Book Emporium.
  1223 | D:1      | Learned a level 2 spell: Passwall
  1933 | D:2      | Gained mutation: You have a tail ending in a sharp stinger.
                  | [demonic ancestry]
  1933 | D:2      | Reached XP level 3. HP: 23/26 MP: 6/6
  2289 | D:3      | Found a sacrificial altar of Ru.
  2322 | D:3      | Learned a level 3 spell: Stone Arrow
  2804 | D:3      | Found Peenodegg's Weapon Boutique.
  2839 | D:3      | Identified the +1 leather armour of the Equinox {rPois
                  | Will+ Dex+3}
  3018 | D:3      | Gained mutation: You regenerate a little health from kills.
                  | [demonic ancestry]
  3018 | D:3      | Reached XP level 4. HP: 17/33 MP: 6/8
  3361 | D:3      | Reached skill level 2 in Fighting
  3988 | D:4      | Noticed ioannis32's ghost (novice DsBe)
  4043 | D:4      | Found a blossoming altar of Fedhas.
  4081 | D:4      | Found Fuyneal's Book Boutique.
  4261 | D:4      | Noticed a phantom
  4275 | D:4      | Killed a phantom
  4276 | D:4      | Reached skill level 1 in Armour
  4276 | D:4      | Reached skill level 1 in Conjurations
  4276 | D:4      | Reached XP level 5. HP: 33/39 MP: 9/9
  4354 | D:4      | Found a runed translucent door.
  4383 | D:4      | Found a basalt altar of Yredelemnul.
  4850 | D:5      | Entered Level 5 of the Dungeon
  4850 | D:5      | Found Rifyi's Gadget Gallery.
  4988 | D:5      | Noticed a centaur
  5004 | D:5      | Killed a centaur
  5005 | D:5      | Reached XP level 6. HP: 32/46 MP: 8/11
  5182 | D:5      | Reached skill level 3 in Fighting
  6119 | D:6      | Gained mutation: You regenerate magic rapidly. [demonic
                  | ancestry]
  6119 | D:6      | Reached XP level 7. HP: 53/53 MP: 12/12
  6220 | D:6      | Reached skill level 4 in Fighting
  6351 | D:6      | Found a runed translucent gate.
  6351 | D:6      | Found a runed translucent gate.
  6352 | D:6      | Found a runed translucent gate.
  6352 | D:6      | Found an opulent altar of Gozag.
  6378 | D:6      | Noticed NimIero's ghost (novice MiMo)
  6445 | D:6      | Found a shadowy altar of Dithmenos.
  6533 | D:6      | Reached XP level 8. HP: 19/61 MP: 11/14
  6844 | D:6      | Reached skill level 5 in Fighting
  6966 | D:6      | Found a staircase to the Ecumenical Temple.
  7009 | D:6      | Found Tomodar's Jewellery Shoppe.
  7225 | Temple   | Entered the Ecumenical Temple
  7464 | D:7      | Found a radiant altar of Vehumet.
  7477 | D:7      | Became a worshipper of Vehumet
  7497 | D:7      | Reached skill level 5 in Earth Magic
  7734 | D:7      | Reached skill level 6 in Fighting
  7845 | D:7      | Reached skill level 5 in Spellcasting
  7995 | D:7      | Reached XP level 9. HP: 71/71 MP: 9/16
  8394 | D:8      | Noticed Gastronok
  8410 | D:8      | Killed Gastronok
  8411 | D:8      | Reached skill level 7 in Fighting
  8411 | D:8      | Reached skill level 5 in Conjurations
  8704 | D:8      | Reached * piety under Vehumet
  8704 | D:8      | Offered knowledge of Magic Dart by Vehumet.
  9154 | D:8      | Reached skill level 8 in Fighting
  9402 | D:9      | Reached skill level 5 in Armour
  9402 | D:9      | Reached XP level 10. HP: 80/80 MP: 17/18
  9528 | D:9      | Noticed a two-headed ogre
  9535 | D:9      | Killed a two-headed ogre
  9706 | D:9      | Found Xebedosudwo's Magic Scroll Boutique.
  9709 | D:9      | Bought a scroll of identify for 28 gold pieces
  9709 | D:9      | Bought a scroll of teleportation for 42 gold pieces
  9709 | D:9      | Bought a scroll of identify for 28 gold pieces
  9709 | D:9      | Bought a scroll of identify for 28 gold pieces
  9709 | D:9      | Bought a scroll of blinking for 105 gold pieces
  9709 | D:9      | Bought a scroll of blinking for 105 gold pieces
  9764 | D:9      | Offered knowledge of Static Discharge by Vehumet.
 10037 | D:9      | Reached ** piety under Vehumet
 10152 | D:8      | Found a bloodstained altar of Trog.
 10156 | D:8      | Reached skill level 9 in Fighting
 10566 | D:9      | Found Dyutinoo's Self-Improvement Boutique.
 10850 | D:9      | Learned a level 2 spell: Static Discharge
 10851 | D:10     | Entered Level 10 of the Dungeon
 11163 | D:10     | Identified 2 scrolls of acquirement
 11164 | D:10     | Acquired 817 gold pieces
 11166 | D:10     | Acquired 726 gold pieces
 11277 | D:9      | Bought a manual of Spellcasting for 1280 gold pieces
 11432 | D:9      | Reached skill level 1 in Air Magic
 11560 | D:10     | Noticed a two-headed ogre
 11565 | D:10     | Killed a two-headed ogre
 11823 | D:10     | Reached XP level 11. HP: 64/89 MP: 16/21
 12044 | D:11     | Noticed Urug
 12054 | D:11     | Killed Urug
 12105 | D:11     | Offered knowledge of Mephitic Cloud by Vehumet.
 12115 | D:11     | Learned a level 3 spell: Mephitic Cloud
 12123 | D:11     | Found a frozen archway.
 12128 | D:11     | Noticed Nergalle
 12129 | D:11     | Noticed a white ugly thing
 12142 | D:11     | Killed Nergalle
 12143 | D:11     | Reached skill level 10 in Fighting
 12154 | D:11     | Reached *** piety under Vehumet
 12164 | IceCv    | Entered an ice cave
 13300 | IceCv    | Offered knowledge of Olgreb's Toxic Radiance by Vehumet.
 13306 | IceCv    | Learned a level 4 spell: Olgreb's Toxic Radiance
 13564 | IceCv    | Noticed a reaper
 13570 | IceCv    | Slain by a reaper

Illustrated notes

Levels and vault maps discovered:
D:1:      dpeg_arrival_rhombi, layout_basic, shapermc_ecumenical_altar_ellora,
          serial_shops, nicolae_shop_advertising_works
          [nicolae_subvault_shop_adworks]
D:2:      layout_basic, grunt_decor_fettered
D:3:      minmay_evil_eye, layout_basic, amcnicky_altar_gilded, serial_shops,
          nicolae_shop_bloodbath_and_beyond
D:4:      layout_cave_pods, lemuel_round_altar, mainiacjoe_overflow_boulevard,
          ebering_ghost_sewer_d, serial_shops, shop
D:5:      layout_basic, nicolae_shop_gadgets
D:6:      layout_loops_cross, mainiacjoe_overflow_catwalk_spiral,
          minmay_temple_entry_antechambers, serial_shops,
          nicolae_shop_behind_doors, ebering_ghost_gozag
D:7:      layout_cave_pods, nicolae_vehumet_radiance
D:8:      layout_basic, nicolae_overflow_hidden_temple, patterned_corridor,
          uniq_gastronok
D:9:      layout_stronghold, serial_shops, kennysheep_mini, grunt_livestock,
          nicolae_shop_self_help
D:10:     layout_roguey, minmay_misc_feat_tiny,
          nicolae_concentric_dashed_squares_mild
D:11:     layout_rooms, due_lair_maze_entry_diamond,
          kennysheep_orc_monster_closet_entryway,
          portal_ice_cave_entry_pillars_2, kennysheep_generic_room_8,
          uniq_nergalle, uniq_urug, uniq_harold, uniq_maurice
Temple:   eino_temple_water
IceCv:    ice_cave_small_demon

Skill      XL: |  1  2  3  4  5  6  7  8  9 10 11 |
---------------+----------------------------------+-----
Fighting       | 1 2 3 4 6 8 9 10 | 10.7
Earth Magic    | 3 4 5 6 7 |  7.9
Spellcasting   | 3 4 5 7 8 |  8.3
Armour         | 1 2 3 5 6 |  6.7
Conjurations   | 1 2 3 4 5 6 7 |  7.4
Air Magic      | 1 3 |  3.0
Dodging        | |  1.7
Stealth        | |  1.7
Transmutations | |  0.8

Action                   |  1- 3 |  4- 6 |  7- 9 | 10-12 || total
-------------------------+-------+-------+-------+-------++-------
Melee: Short sword       |    45 |       |       |       ||    45
       Unarmed           |     1 |       |       |       ||     1
       Tailslap          |     4 |     6 |     1 |     3 ||    14
       Hand axe          |       |    46 |     5 |     5 ||    56
       Dagger            |       |       |     1 |    20 ||    21
       Punch             |       |       |       |     1 ||     1
 Cast: Sandblast         |    70 |    55 |    50 |    44 ||   219
       Stone Arrow       |       |     5 |    99 |   206 ||   310
       Passwall          |       |       |       |     6 ||     6
Evoke: Wand              |       |       |     4 |    12 ||    16
  Use: Scroll            |     4 |     4 |     3 |    18 ||    29
       Potion            |       |     1 |       |     6 ||     7
 Stab: Sleeping          |       |     2 |       |       ||     2
Armor: Robe              |    25 |       |       |       ||    25
       Leather armour    |       |    35 |    14 |    64 ||   113
Dodge: Dodged            |    60 |    66 |    25 |   136 ||   287
